| TOP OF THE 1ST |
|
Gwinnett Braves batting - Pitching for Memphis Redbirds : RHP Danny Cook
|
|
Pitching: RHP Danny Cook
|
|
|
Batting: RHB Nate Taylor
|
0-0: Ball 1-0: Foul Ball, location: 2F 1-1: Called Strike 1-2: Ball 2-2: Ball 3-2: Strikes out swinging
|
|
Batting: RHB Alex Munoz
|
0-0: Ball 1-0: Called Strike 1-1: Ball 2-1: Called Strike 2-2: Ball 3-2: Foul Ball, location: 2F 3-2: Base on Balls
|
|
Batting: SHB Bob Morales
|
0-0: Ball 1-0: Ball 2-0: Foul Ball, location: 2F 2-1: Called Strike 2-2: Strikes out looking
|
|
Batting: RHB Muneer Maudad
|
0-0: Ball Alex Munoz steals 2nd base 1-0: Called Strike 1-1: Swinging Strike 1-2: Ball 2-2: Ball 3-2: Strikes out swinging
|
| Top of the 1st over - 0 runs, 0 hits, 0 errors, 1 left on base; Gwinnett 0 - Memphis 0 |
| BOTTOM OF THE 1ST |
|
Memphis Redbirds batting - Pitching for Gwinnett Braves : RHP Jeff Olech
|
|
Pitching: RHP Jeff Olech
|
|
|
Batting: LHB Tsutomu Miyahara
|
0-0: Ball 1-0: SOLO HOME RUN (Flyball, 89XD, EV 103.1 MPH), Distance : 407 ft
|
|
Batting: LHB Adam Eisen
|
0-0: Ball 1-0: Ball 2-0: SINGLE (Flyball, 78S, EV 89.4 MPH)
|
|
Batting: SHB Gerardo Macias
|
0-0: Ball 1-0: Ball 2-0: Foul Ball, location: 2F 2-1: Ball 3-1: SINGLE (Line Drive, 9S, EV 92.5 MPH) Adam Eisen to second
|
|
Batting: LHB Sam Britt
|
0-0: Ball 1-0: Swinging Strike 1-1: Grounds into double play, 4-6-3 (Groundball, 4, EV 102.5 MPH) Adam Eisen to third
|
|
Batting: RHB Fabrice Bertin
|
0-0: Ball 1-0: Ball 2-0: Ground out 6-3 (Groundball, 6M, EV 93.8 MPH)
|
| Bottom of the 1st over - 1 run, 3 hits, 0 errors, 1 left on base; Gwinnett 0 - Memphis 1 |
| TOP OF THE 2ND |
|
Gwinnett Braves batting - Pitching for Memphis Redbirds : RHP Danny Cook
|
|
Batting: SHB Brian Bagley
|
0-0: Ball 1-0: Ball 2-0: Ball 3-0: Base on Balls
|
|
Batting: LHB Chad Persaud
|
0-0: Ball 1-0: Fielders Choice at 2nd, 3-6 (Groundball, 3, EV 85.6 MPH)
|
|
Batting: SHB Troy Kenyon
|
0-0: Ball 1-0: Ball 2-0: Foul Ball, location: 2F 2-1: Ball 3-1: Foul Ball, location: 2F 3-2: Foul Ball, location: 2F 3-2: Grounds into double play, 6-4-3 (Groundball, 6M, EV 82.5 MPH)
|
| Top of the 2nd over - 0 runs, 0 hits, 0 errors, 0 left on base; Gwinnett 0 - Memphis 1 |
| BOTTOM OF THE 2ND |
|
Memphis Redbirds batting - Pitching for Gwinnett Braves : RHP Jeff Olech
|
|
Batting: RHB Mark Cahill
|
0-0: Ground out 6-3 (Groundball, 6M, EV 105.6 MPH)
|
|
Batting: RHB Josh Martin
|
0-0: DOUBLE (Line Drive, 7LD, EV 108.1 MPH)
|
|
Batting: RHB Joe LaDue
|
0-0: Ball 1-0: Ball 2-0: Swinging Strike 2-1: Swinging Strike 2-2: Strikes out swinging
|
|
Batting: LHB John Bailey
|
0-0: Ball 1-0: Ball 2-0: Called Strike 2-1: Foul Ball, location: 2F 2-2: Fly out, F8 (Flyball, 8LD, EV 75.6 MPH)
|
| Bottom of the 2nd over - 0 runs, 1 hit, 0 errors, 1 left on base; Gwinnett 0 - Memphis 1 |
| TOP OF THE 3RD |
|
Gwinnett Braves batting - Pitching for Memphis Redbirds : RHP Danny Cook
|
|
Batting: RHB Riley Nasiir
|
0-0: Swinging Strike 0-1: Ball 1-1: Foul Ball, location: 2F 1-2: Ball 2-2: Foul Ball, location: 2F 2-2: Strikes out looking
|
|
Batting: RHB Mike Manchester
|
0-0: Ball 1-0: Swinging Strike 1-1: Fly out, F8 (Flyball, 8LXD, EV 103.8 MPH)
|
|
Batting: RHB Nate Taylor
|
0-0: Ball 1-0: Called Strike 1-1: TRIPLE (Groundball, 5L, EV 100.0 MPH)
|
|
Batting: RHB Alex Munoz
|
0-0: Ball 1-0: Ball 2-0: Ball 3-0: Called Strike 3-1: Swinging Strike Passed Ball! Nate Taylor scores 3-2: Foul Ball, location: 2F 3-2: Base on Balls
|
|
Batting: SHB Bob Morales
|
0-0: Ball 1-0: Ball Alex Munoz is caught stealing 2nd base 2-6
|
| Top of the 3rd over - 1 run, 1 hit, 0 errors, 0 left on base; Gwinnett 1 - Memphis 1 |
| BOTTOM OF THE 3RD |
|
Memphis Redbirds batting - Pitching for Gwinnett Braves : RHP Jeff Olech
|
|
Batting: LHB Tsutomu Miyahara
|
0-0: Ball 1-0: Swinging Strike 1-1: Ball 2-1: Ball 3-1: SINGLE (Line Drive, 34D, EV 96.2 MPH)
|
|
Batting: LHB Adam Eisen
|
0-0: Ball Tsutomu Miyahara steals 2nd base 1-0: Called Strike 1-1: Ball 2-1: Foul Ball, location: 2F 2-2: Fly out, F8 (Flyball, 89XD, EV 92.5 MPH) Runner from 2nd tags up, SAFE at 3rd, no throw by CF
|
|
Batting: SHB Gerardo Macias
|
0-0: Swinging Strike 0-1: Ball 1-1: Called Strike 1-2: Ball 2-2: Ball 3-2: Foul Ball, location: 2F 3-2: Foul Ball, location: 2F 3-2: Fly out, F8 (Line Drive, 8RM, EV 93.8 MPH) Runner from 3rd tags up, SCORES, no throw by CF
|
|
Batting: LHB Sam Britt
|
0-0: Ball 1-0: Ball 2-0: Fly out, F8 (Flyball, 89M, EV 93.1 MPH)
|
| Bottom of the 3rd over - 1 run, 1 hit, 0 errors, 0 left on base; Gwinnett 1 - Memphis 2 |
| TOP OF THE 4TH |
|
Gwinnett Braves batting - Pitching for Memphis Redbirds : RHP Danny Cook
|
|
Batting: SHB Bob Morales
|
0-0: Ball 1-0: Foul Ball, location: 2F 1-1: Ball 2-1: Called Strike 2-2: Ball 3-2: Strikes out swinging
|
|
Batting: RHB Muneer Maudad
|
0-0: Foul Ball, location: 2F 0-1: Ball 1-1: Ground out 5-3 (Groundball, 5, EV 102.5 MPH)
|
|
Batting: SHB Brian Bagley
|
0-0: Ball 1-0: Ball 2-0: Called Strike 2-1: Ball 3-1: Base on Balls
|
|
Batting: LHB Chad Persaud
|
0-0: Called Strike 0-1: Ball 1-1: Fly out, F8 (Line Drive, 8RM, EV 96.9 MPH)
|
| Top of the 4th over - 0 runs, 0 hits, 0 errors, 1 left on base; Gwinnett 1 - Memphis 2 |
| BOTTOM OF THE 4TH |
|
Memphis Redbirds batting - Pitching for Gwinnett Braves : RHP Jeff Olech
|
|
Batting: RHB Fabrice Bertin
|
0-0: DOUBLE (Line Drive, 5D, EV 107.5 MPH)
|
|
Batting: RHB Mark Cahill
|
0-0: Called Strike 0-1: Ball 1-1: Ball 2-1: Called Strike 2-2: Foul Ball, location: 2F 2-2: Ground out 4-3 (Groundball, 4, EV 87.5 MPH) Fabrice Bertin to third
|
|
Batting: RHB Josh Martin
|
0-0: SINGLE (Line Drive, 4MD, EV 95.0 MPH) Fabrice Bertin scores
|
|
Batting: RHB Joe LaDue
|
0-0: Ball 1-0: Ball 2-0: Ball 3-0: Fielders Choice at 2nd, 4-6 (Groundball, 4S, EV 88.1 MPH)
|
|
Batting: LHB John Bailey
|
0-0: Ball 1-0: Foul Ball, location: 2F 1-1: Called Strike 1-2: Foul Ball, location: 2F 1-2: Ball 2-2: Foul Ball, location: 2F 2-2: Foul Ball, location: 2F 2-2: Ball 3-2: SINGLE (Line Drive, 8RS, EV 92.5 MPH) Joe LaDue to second Joe LaDue to third
|
|
Batting: LHB Tsutomu Miyahara
|
0-0: Ball 1-0: Ball 2-0: SINGLE (Groundball, 34D, EV 95.0 MPH) Joe LaDue scores John Bailey to second Runner from 2nd tries for 3rd, SAFE, throw by RF made to third
|
|
Batting: LHB Adam Eisen
|
0-0: Ball 1-0: Swinging Strike 1-1: Foul Ball, location: 2F 1-2: Ball 2-2: Strikes out looking
|
| Bottom of the 4th over - 2 runs, 4 hits, 0 errors, 2 left on base; Gwinnett 1 - Memphis 4 |
| TOP OF THE 5TH |
|
Gwinnett Braves batting - Pitching for Memphis Redbirds : RHP Danny Cook
|
|
Batting: SHB Troy Kenyon
|
0-0: Ball 1-0: Called Strike 1-1: Ball 2-1: Called Strike 2-2: Foul Ball, location: 2F 2-2: Strikes out swinging
|
|
Batting: RHB Riley Nasiir
|
0-0: SINGLE (Groundball, 34D, EV 96.9 MPH)
|
|
Batting: RHB Mike Manchester
|
0-0: Ball Riley Nasiir steals 2nd base 1-0: Foul Ball, location: 2F 1-1: Foul Ball, location: 2F 1-2: Ground out 4-3 (Groundball, 4, EV 86.2 MPH) Riley Nasiir to third
|
|
Batting: RHB Nate Taylor
|
0-0: Ground out 4-3 (Groundball, 4M, EV 87.5 MPH)
|
| Top of the 5th over - 0 runs, 1 hit, 0 errors, 1 left on base; Gwinnett 1 - Memphis 4 |
| BOTTOM OF THE 5TH |
|
Memphis Redbirds batting - Pitching for Gwinnett Braves : RHP Jeff Olech
|
|
Batting: SHB Gerardo Macias
|
0-0: Called Strike 0-1: Foul Ball, location: 2F 0-2: Ball 1-2: Strikes out looking
|
|
Batting: LHB Sam Britt
|
0-0: Called Strike 0-1: Foul Ball, location: 2F 0-2: Ball 1-2: Ball 2-2: Foul Ball, location: 2F 2-2: Ball 3-2: Base on Balls
|
|
Batting: RHB Fabrice Bertin
|
0-0: Called Strike 0-1: SINGLE (Line Drive, 7S, EV 91.2 MPH) Sam Britt to second
|
|
Batting: RHB Mark Cahill
|
0-0: Swinging Strike 0-1: Ball 1-1: Foul Ball, location: 2F 1-2: Ball 2-2: Fly out, F7 (Flyball, 7, EV 85.6 MPH)
|
|
Batting: RHB Josh Martin
|
0-0: Ball 1-0: Foul Ball, location: 2F 1-1: Swinging Strike 1-2: SINGLE (Line Drive, 7S, EV 87.5 MPH) Sam Britt to third Fabrice Bertin to second
|
|
Batting: RHB Joe LaDue
|
0-0: Ball 1-0: Ball 2-0: Foul Ball, location: 2F 2-1: SINGLE (Groundball, 25, EV 64.4 MPH) (infield hit) Sam Britt scores Fabrice Bertin to third Josh Martin to second
|
|
Pitching: RHP Chris Lincecum II
|
|
|
Batting: LHB John Bailey
|
0-0: Ball 1-0: Fly out, F2 (Popup, 2LF, EV 88.1 MPH)
|
| Bottom of the 5th over - 1 run, 3 hits, 0 errors, 3 left on base; Gwinnett 1 - Memphis 5 |
| TOP OF THE 6TH |
|
Gwinnett Braves batting - Pitching for Memphis Redbirds : RHP Danny Cook
|
|
Batting: RHB Alex Munoz
|
0-0: Ball 1-0: Swinging Strike 1-1: Foul Ball, location: 2F 1-2: Ball 2-2: Foul Ball, location: 2F 2-2: Ball 3-2: Base on Balls
|
|
Batting: SHB Bob Morales
|
0-0: Ball 1-0: Ball 2-0: Called Strike 2-1: Swinging Strike 2-2: Strikes out swinging
|
|
Batting: RHB Muneer Maudad
|
0-0: Foul Ball, location: 2F 0-1: Ball 1-1: Called Strike 1-2: Ball 2-2: Strikes out swinging
|
|
Pitching: RHP Tim Poist
|
|
|
Batting: SHB Brian Bagley
|
0-0: Ball Alex Munoz steals 2nd base 1-0: Called Strike 1-1: SINGLE (Groundball, 4MD, EV 108.8 MPH) Alex Munoz to third Runner from 3rd tries for Home, SAFE, throw by CF to home
|
|
Batting: LHB Chad Persaud
|
0-0: Called Strike 0-1: Swinging Strike 0-2: Strikes out looking
|
| Top of the 6th over - 1 run, 1 hit, 0 errors, 1 left on base; Gwinnett 2 - Memphis 5 |
| BOTTOM OF THE 6TH |
|
Memphis Redbirds batting - Pitching for Gwinnett Braves : RHP Chris Lincecum II
|
|
Batting: LHB Tsutomu Miyahara
|
0-0: Called Strike 0-1: Called Strike 0-2: Ball 1-2: Ball 2-2: Ball 3-2: SINGLE (Groundball, 3D, EV 110.0 MPH)
|
|
Batting: LHB Adam Eisen
|
0-0: Ball 1-0: SINGLE (Groundball, P, EV 90.6 MPH) (infield hit) Tsutomu Miyahara to second
|
|
Batting: SHB Gerardo Macias
|
0-0: Called Strike 0-1: Foul Ball, location: 2F 0-2: Strikes out swinging
|
|
Batting: LHB Sam Britt
|
0-0: Ball 1-0: Ball 2-0: Called Strike 2-1: Swinging Strike 2-2: Foul Ball, location: 2F 2-2: Ball 3-2: Hit by Pitch Tsutomu Miyahara to third Adam Eisen to second
|
|
Batting: RHB Fabrice Bertin
|
0-0: SINGLE (Groundball, 4, EV 95.0 MPH) Tsutomu Miyahara scores Adam Eisen to third Sam Britt to second Runner from 3rd tries for Home, SAFE, throw by RF to home
|
|
Batting: RHB Mark Cahill
|
0-0: Foul Ball, location: 2F 0-1: DOUBLE (Line Drive, 7LM, EV 98.1 MPH) Sam Britt scores Fabrice Bertin to third Runner from 3rd tries for Home, SAFE, no throw by LF
|
|
Pitching: LHP Andy Gaiser
|
|
|
Batting: RHB Josh Martin
|
0-0: Fly out, F8 (Line Drive, 8RD, EV 98.1 MPH)
|
|
Batting: RHB Joe LaDue
|
0-0: Foul Ball, location: 2F 0-1: Called Strike 0-2: Strikes out swinging
|
| Bottom of the 6th over - 4 runs, 4 hits, 0 errors, 1 left on base; Gwinnett 2 - Memphis 9 |
| TOP OF THE 7TH |
|
Gwinnett Braves batting - Pitching for Memphis Redbirds : RHP Tim Poist
|
|
Batting: SHB Troy Kenyon
|
0-0: Ball 1-0: Foul Ball, location: 2F 1-1: Called Strike 1-2: Foul Ball, location: 2F 1-2: Strikes out looking
|
|
Pinch Hitting: RHB Ivan Ramirez
|
0-0: Ball 1-0: Ground out 6-3 (Groundball, 6, EV 82.5 MPH)
|
|
Batting: RHB Mike Manchester
|
0-0: Foul Ball, location: 2F 0-1: Ball 1-1: Called Strike 1-2: Strikes out swinging
|
| Top of the 7th over - 0 runs, 0 hits, 0 errors, 0 left on base; Gwinnett 2 - Memphis 9 |
| BOTTOM OF THE 7TH |
|
Memphis Redbirds batting - Pitching for Gwinnett Braves : LHP Andy Gaiser
|
|
Now at 3B: Ivan Ramirez
|
|
|
Now at SS: Mike Manchester
|
|
|
Batting: LHB John Bailey
|
0-0: Ball 1-0: Ball 2-0: Called Strike 2-1: Foul Ball, location: 2F 2-2: Ball 3-2: Ground out 4-3 (Groundball, 4, EV 86.2 MPH)
|
|
Batting: LHB Tsutomu Miyahara
|
0-0: Ball 1-0: Foul Ball, location: 2F 1-1: Foul Ball, location: 2F 1-2: Ball 2-2: Foul Ball, location: 2F 2-2: Foul Ball, location: 2F 2-2: Ball 3-2: Foul Ball, location: 2F 3-2: Base on Balls
|
|
Batting: LHB Adam Eisen
|
0-0: Ball Tsutomu Miyahara steals 2nd base (no throw) 1-0: Ground out U3 (Groundball, 34D, EV 85.6 MPH) Tsutomu Miyahara to third
|
|
Batting: RHB William Lung
|
0-0: Swinging Strike 0-1: Called Strike 0-2: Fly out, F8 (Flyball, 8LD, EV 79.4 MPH)
|
| Bottom of the 7th over - 0 runs, 0 hits, 0 errors, 1 left on base; Gwinnett 2 - Memphis 9 |
| TOP OF THE 8TH |
|
Gwinnett Braves batting - Pitching for Memphis Redbirds : RHP Tim Poist
|
|
Batting: RHB Nate Taylor
|
0-0: TRIPLE (Flyball, 7LD, EV 100.0 MPH)
|
|
Batting: RHB Alex Munoz
|
0-0: Ball 1-0: Ball 2-0: Ground out 4-3 (Groundball, 4MD, EV 85.6 MPH) Nate Taylor scores
|
|
Batting: SHB Bob Morales
|
0-0: Ball 1-0: SOLO HOME RUN (Flyball, 9D, EV 94.4 MPH), Distance : 351 ft
|
|
Batting: RHB Muneer Maudad
|
0-0: Ball 1-0: Ball 2-0: SINGLE (Groundball, 56D, EV 106.9 MPH)
|
|
Pitching: LHP John Roe
|
|
|
Batting: SHB Brian Bagley
|
0-0: Ball 1-0: Ball 2-0: Fly out, F7 (Flyball, 7D, EV 88.8 MPH)
|
|
Batting: LHB Chad Persaud
|
0-0: Called Strike 0-1: Called Strike 0-2: SINGLE (Line Drive, 78S, EV 101.9 MPH) Muneer Maudad to second
|
|
Batting: SHB Troy Kenyon
|
0-0: Ball 1-0: Called Strike 1-1: Ball 2-1: Called Strike 2-2: SINGLE (Groundball, 34D, EV 93.8 MPH) Muneer Maudad to third Chad Persaud to second Runner from 3rd tries for Home, SAFE, throw by RF to home
|
|
Batting: RHB Ivan Ramirez
|
0-0: Ball 1-0: Foul Ball, location: 2F 1-1: Ball 2-1: Ground out U3 (Groundball, 3, EV 82.5 MPH)
|
| Top of the 8th over - 3 runs, 5 hits, 0 errors, 2 left on base; Gwinnett 5 - Memphis 9 |
| BOTTOM OF THE 8TH |
|
Memphis Redbirds batting - Pitching for Gwinnett Braves : LHP Andy Gaiser
|
|
Batting: LHB Sam Britt
|
0-0: Ground out 4-3 (Groundball, 4, EV 86.2 MPH)
|
|
Batting: RHB Fabrice Bertin
|
0-0: Ball 1-0: Ball 2-0: SOLO HOME RUN (Flyball, 7D, EV 94.4 MPH), Distance : 364 ft
|
|
Batting: RHB Mark Cahill
|
0-0: Called Strike 0-1: Swinging Strike 0-2: Strikes out swinging
|
|
Batting: RHB Josh Martin
|
0-0: Called Strike 0-1: Ball 1-1: Swinging Strike 1-2: Strikes out swinging
|
| Bottom of the 8th over - 1 run, 1 hit, 0 errors, 0 left on base; Gwinnett 5 - Memphis 10 |
| TOP OF THE 9TH |
|
Gwinnett Braves batting - Pitching for Memphis Redbirds : LHP John Roe
|
|
Batting: RHB Mike Manchester
|
0-0: Ball 1-0: Ground out 5-3 (Groundball, 5L, EV 101.9 MPH)
|
|
Batting: RHB Nate Taylor
|
0-0: Called Strike 0-1: Called Strike 0-2: Foul Ball, location: 2F 0-2: Ball 1-2: Ball 2-2: Foul Ball, location: 2F 2-2: Foul Ball, location: 2F 2-2: Strikes out swinging
|
|
Batting: RHB Alex Munoz
|
0-0: Called Strike 0-1: Ball 1-1: Swinging Strike 1-2: Foul Ball, location: 2F 1-2: Ball 2-2: Ball 3-2: Foul Ball, location: 2F 3-2: Base on Balls
|
|
Pitching: RHP Sean Hartgrove
|
|
|
Batting: SHB Bob Morales
|
0-0: Swinging Strike 0-1: Ball 1-1: Called Strike 1-2: Strikes out swinging
|
| Top of the 9th over - 0 runs, 0 hits, 0 errors, 1 left on base; Gwinnett 5 - Memphis 10 |
|